 Dungeon Crawl Stone Soup version 0.19.0-19-g8c6edcc (webtiles) character file.

84 Chiseanne the Ducker (level 4, -5/25 HPs)
             Began as a Spriggan Monk on Nov 13, 2016.
             Slain by a gnoll
             ... wielding a +0 spear
              (10 damage)
             ... on level 2 of the Dungeon.
             The game lasted 00:02:12 (1973 turns).

Chiseanne the Ducker (Spriggan Monk)                Turns: 1973, Time: 00:02:13

Health: -5/25      AC:  2    Str:  7    XL:     4   Next: 23%
Magic:  5/5        EV: 21    Int: 11    God:
Gold:   165        SH:  0    Dex: 19    Spells: 0 memorised, 3 levels left

rFire  . . .     SeeInvis +     a - +2 whip (venom)
rCold  . . .     Gourm    .     b - +0 robe
rNeg   . . .     Faith    .     (shield restricted)
rPois  .         Spirit   .     (helmet restricted)
rElec  .         Reflect  .     (no cloak)
rCorr  .         Harm     .     (gloves unavailable)
MR     .....                    (boots unavailable)
Stlth  +++.......               (no amulet)
                                (no ring)
                                (no ring)

@: very quick
A: unfitting armour, see invisible, herbivore 3, speed 3, slow metabolism 2
a: no special abilities


You were on level 2 of the Dungeon.
You were not hungry.

You visited 1 branch of the dungeon, and saw 2 of its levels.

You collected 165 gold pieces.

Inventory:

Hand Weapons
 a - a +2 whip of venom (weapon)
Missiles
 d - 81 stones (quivered)
 f - 138 arrows
 j - 68 bolts
 n - 12 poisoned needles
Armour
 b - a +0 robe (worn)
Jewellery
 r - an uncursed amulet of harm {unknown}
Scrolls
 e - a scroll of magic mapping {unknown}
 h - a scroll of identify {unknown}
 i - a scroll of enchant armour {unknown}
 k - a scroll of remove curse {unknown}
 m - a scroll of amnesia {unknown}
Potions
 l - 3 potions of curing
 o - 2 potions of might {unknown}
 p - 2 potions of magic {unknown}
 q - a potion of heal wounds {unknown}
Comestibles
 c - 3 bread rations
 g - 4 fruits


   Skills:
 * Level 3.9 Fighting
   Level 3.2 Short Blades
 + Level 5.1 Dodging
 - Level 3.0 Stealth


You had 3 spell levels left.
You didn't know any spells.

Dungeon Overview and Level Annotations

Branches:
Dungeon (2/15)

Altars:
Zin


Innate Abilities, Weirdness & Mutations

You are very small and have problems with some larger weapons.
You are too small for most types of armour.
You have supernaturally acute eyesight. (SInv)
You are a herbivore.
You cover ground extremely quickly.
You need consume almost no food.


Message History

* * * LOW HITPOINT WARNING * * *
The gnoll misses you.
You are too injured to fight recklessly!
You are too injured to fight recklessly!
You are too injured to fight recklessly!
You are too injured to fight recklessly!
You are too injured to fight recklessly!
You are too injured to fight recklessly!
You are too injured to fight recklessly!
You are too injured to fight recklessly!
You are too injured to fight recklessly!
You are too injured to fight recklessly!
You are too injured to fight recklessly!
You are too injured to fight recklessly!
You are too injured to fight recklessly!
You are too injured to fight recklessly!
You are too injured to fight recklessly!
The gnoll completely misses you. The gnoll misses you.
The gnoll hits you from afar with a spear!
You die...

..##......................#
......................%.<.#
.......##.................#
......####................#
..........................#
............)............##
............)..........)###
..........................#
..##....##.#####@........##
..##....##.# #.........#
........##.# #..g......#
####.#...#.#####.gg>.....#
# #..##.......##.........#
###.####...##............#
....# #...#####.........#
.#### #...#####.........#
## ##......#.........#


You could see 3 gnolls.

Vanquished Creatures
  2 adders (D:2)
  An ooze (D:2)
  A worm (D:2)
  2 dart slugs (D:1)
  A leopard gecko (D:1)
  A ball python (D:1)
  5 bats
  2 giant cockroaches (D:1)
  6 hobgoblins
  8 jackals
  3 kobolds
  4 frilled lizards
  8 goblins
  7 rats
51 creatures vanquished.

Notes
Turn   | Place    | Note
-------+----------+-------------------------------------------
     0 | D:1      | Chiseanne the Spriggan Monk began the quest for the Orb.
     0 | D:1      | Reached XP level 1. HP: 11/11 MP: 2/2
   144 | D:1      | Reached XP level 2. HP: 11/16 MP: 3/3
   946 | D:1      | Reached XP level 3. HP: 20/20 MP: 4/4
  1736 | D:2      | Reached skill level 5 in Dodging
  1736 | D:2      | Reached XP level 4. HP: 24/25 MP: 5/5
  1739 | D:2      | Found a glowing silver altar of Zin.
  1973 | D:2      | Slain by a gnoll

Skill      XL: |  1  2  3 |
---------------+----------+-----
Fighting       | 3 |  3.9
Dodging        | 5 |  5.1
Short Blades   | |  3.2
Stealth        | |  3.0

Action                   |  1- 3 |  4- 6 || total
-------------------------+-------+-------++-------
Melee: Whip              |   109 |    14 ||   123
       Short sword       |     5 |       ||     5
  Use: Potion            |     2 |       ||     2
 Stab: Sleeping          |    13 |       ||    13
       Invisible         |     1 |       ||     1
Armor: Robe              |    12 |     2 ||    14
Dodge: Dodged            |    98 |    12 ||   110
